[ AOE2 MATCH · #505596697 ]
UnrankedBurgundians vs Spanish
Rival team · LOSS
[ REPLAY ANALYSIS · EXTRACTED FROM THE RECORDED GAME ]
Feudal
10:14
Castle
38:00
Imperial
67:53
| APM avg | 40.5 |
| APM peak | 95 |
| eAPM avg | 19.0 |
| Villagers / military | 134 / 117 |
Focus
⚔️ 29.1% · 🌾 70.9%
Scout Cavalry ×49 · Spearman ×26 · Coustillier ×26 · Battering Ram ×8 · Monk ×2 · Mangonel ×2
Feudal
34:23
Castle
38:42
Imperial
66:31
| APM avg | 32.4 |
| APM peak | 88 |
| eAPM avg | 21.3 |
| Villagers / military | 163 / 51 |
Focus
⚔️ 31.7% · 🌾 68.3%
Battering Ram ×13 · Missionary ×12 · Conquistador ×9 · Knight ×7 · Trebuchet (Packed) ×4 · Monk ×3
Match map
Initial resources + every placement click. Lines = walls · curves = elevation contours. ◆ gold · ⬟ stone · ● berries · ✦ relic · ◌ wall gap
Your base· Open — opponent sealed themselves in
Redwood MC9's base· ✓ Closed at 38:42 · 73t walls · 3 gate(s)
Smoothed initial terrain · ◌ = detected wall gap · hover for details
Inputs per minute
— Bachicha val - - Redwood MC9
Build order — Bachicha val
First 150 of 379 actions detected
| 0:02 | Queue | Villager (Male) |
| 0:02 | Queue | Villager (Male) |
| 0:04 | Build | House |
| 0:06 | Build | House |
| 0:46 | Queue | Villager (Male) |
| 1:01 | Queue | Villager (Male) |
| 1:25 | Build | House |
| 1:45 | Queue | Villager (Male) |
| 2:08 | Queue | Villager (Male) |
| 2:24 | Queue | Villager (Male) |
| 2:41 | Build | Lumber Camp |
| 3:04 | Queue | Villager (Male) |
| 3:21 | Queue | Villager (Male) |
| 3:50 | Research | Double-Bit Axe |
| 3:53 | Queue | Villager (Male) |
| 4:19 | Queue | Villager (Male) |
| 4:35 | Queue | Villager (Male) |
| 5:06 | Queue | Villager (Male) |
| 5:26 | Queue | Villager (Male) |
| 5:30 | Build | House |
| 5:49 | Queue | Villager (Male) |
| 5:59 | Build | Mill |
| 6:01 | Build | Palisade Wall |
| 6:04 | Build | Palisade Wall |
| 6:11 | Queue | Villager (Male) |
| 6:39 | Queue | Villager (Male) |
| 6:50 | Build | Palisade Wall |
| 7:00 | Queue | Villager (Male) |
| 7:02 | Build | Palisade Wall |
| 7:18 | Research | Loom |
| 7:32 | Build | House |
| 7:33 | Build | Palisade Wall |
| 8:01 | Research | Feudal Age |
| 9:30 | Build | Mining Camp |
| 9:46 | Build | House |
| 10:00 | Build | House |
| 10:04 | Build | House |
| 10:14 | Age | Feudal Age |
| 10:16 | Queue | Villager (Male) |
| 10:17 | Queue | Villager (Male) |
| 10:28 | Research | Town Watch |
| 10:48 | Queue | Villager (Male) |
| 10:57 | Build | Barracks |
| 11:08 | Queue | Villager (Male) |
| 12:05 | Build | Stable |
| 12:26 | Build | Town Center |
| 12:28 | Build | House |
| 12:38 | Build | Palisade Wall |
| 13:39 | Queue | Villager (Male) |
| 13:40 | Queue | Villager (Male) |
| 13:40 | Queue | Villager (Male) |
| 13:40 | Queue | Villager (Male) |
| 14:06 | Queue | Villager (Male) |
| 14:50 | Build | Watch Tower |
| 14:59 | Build | House |
| 15:01 | Queue | Villager (Male) |
| 17:22 | Build | House |
| 18:20 | Build | Town Center |
| 19:12 | Build | Stable |
| 19:29 | Queue | Villager (Male) |
| 19:30 | Queue | Villager (Male) |
| 19:38 | Research | Bow Saw |
| 19:53 | Queue | Scout Cavalry |
| 19:54 | Queue | Scout Cavalry |
| 19:54 | Queue | Scout Cavalry |
| 20:23 | Queue | Villager (Male) |
| 20:40 | Build | Lumber Camp |
| 20:47 | Build | Watch Tower |
| 20:52 | Queue | Scout Cavalry |
| 21:14 | Queue | Villager (Male) |
| 21:31 | Build | Market |
| 21:53 | Build | House |
| 21:53 | Queue | Scout Cavalry |
| 22:05 | Queue | Villager (Male) |
| 22:40 | Queue | Scout Cavalry |
| 23:07 | Queue | Scout Cavalry |
| 23:12 | Build | Stable |
| 23:16 | Queue | Villager (Male) |
| 23:35 | Queue | Villager (Male) |
| 24:08 | Queue | Scout Cavalry |
| 24:09 | Queue | Scout Cavalry |
| 24:09 | Queue | Scout Cavalry |
| 24:28 | Queue | Scout Cavalry |
| 24:28 | Queue | Scout Cavalry |
| 24:45 | Build | Mining Camp |
| 24:49 | Queue | Scout Cavalry |
| 24:55 | Build | House |
| 25:40 | Build | Mill |
| 26:01 | Queue | Scout Cavalry |
| 26:01 | Queue | Scout Cavalry |
| 26:01 | Queue | Scout Cavalry |
| 26:10 | Queue | Villager (Male) |
| 26:34 | Build | Watch Tower |
| 26:41 | Queue | Scout Cavalry |
| 26:41 | Queue | Scout Cavalry |
| 26:41 | Queue | Scout Cavalry |
| 26:51 | Build | Farm |
| 26:52 | Queue | Scout Cavalry |
| 27:18 | Queue | Villager (Male) |
| 27:47 | Queue | Villager (Male) |
| 27:53 | Queue | Villager (Male) |
| 28:11 | Build | House |
| 28:18 | Build | Watch Tower |
| 28:22 | Queue | Villager (Male) |
| 28:48 | Queue | Scout Cavalry |
| 28:49 | Queue | Scout Cavalry |
| 28:49 | Queue | Scout Cavalry |
| 28:54 | Build | Farm |
| 28:54 | Build | Farm |
| 28:55 | Build | Farm |
| 29:22 | Queue | Villager (Male) |
| 29:22 | Queue | Villager (Male) |
| 29:33 | Build | House |
| 29:40 | Queue | Villager (Male) |
| 29:59 | Queue | Villager (Male) |
| 30:22 | Queue | Villager (Male) |
| 30:28 | Build | Mining Camp |
| 30:51 | Build | Watch Tower |
| 31:06 | Queue | Villager (Male) |
| 31:06 | Queue | Villager (Male) |
| 32:01 | Queue | Villager (Male) |
| 32:07 | Build | Market |
| 32:25 | Queue | Scout Cavalry |
| 32:25 | Queue | Scout Cavalry |
| 32:36 | Queue | Villager (Male) |
| 33:08 | Queue | Villager (Male) |
| 33:09 | Queue | Villager (Male) |
| 33:09 | Queue | Villager (Male) |
| 33:21 | Build | House |
| 33:39 | Build | Mill |
| 33:51 | Build | Blacksmith |
| 33:58 | Queue | Villager (Male) |
| 35:20 | Research | Castle Age |
| 36:00 | Research | Gold Mining |
| 36:13 | Build | Farm |
| 36:17 | Queue | Spearman |
| 36:17 | Queue | Spearman |
| 36:48 | Research | Forging |
| 36:51 | Queue | Spearman |
| 37:40 | Queue | Villager (Male) |
| 38:00 | Age | Castle Age |
| 38:02 | Build | Town Center |
| 38:09 | Research | Light Cavalry (upgrade) |
| 38:13 | Queue | Knight |
| 38:17 | Build | Farm |
| 38:20 | Queue | Villager (Male) |
| 38:56 | Queue | Spearman |
| 39:14 | Queue | Villager (Male) |
| 39:14 | Queue | Villager (Male) |
| 39:19 | Queue | Villager (Male) |
Build order — Redwood MC9
First 150 of 293 actions detected
| 0:00 | Queue | Villager (Male) |
| 0:01 | Queue | Villager (Male) |
| 0:01 | Queue | Villager (Male) |
| 0:02 | Build | House |
| 0:05 | Build | House |
| 0:15 | Queue | Villager (Male) |
| 0:16 | Queue | Villager (Male) |
| 0:53 | Build | House |
| 1:34 | Queue | Villager (Male) |
| 1:34 | Queue | Villager (Male) |
| 1:43 | Build | Lumber Camp |
| 2:00 | Queue | Villager (Male) ×2 |
| 2:01 | Queue | Villager (Male) ×2 |
| 2:23 | Queue | Villager (Male) |
| 2:48 | Queue | Villager (Male) |
| 3:34 | Queue | Villager (Male) |
| 3:53 | Queue | Villager (Male) |
| 3:53 | Queue | Villager (Male) ×2 |
| 3:53 | Queue | Villager (Male) |
| 4:10 | Queue | Villager (Male) |
| 4:10 | Queue | Villager (Male) |
| 4:23 | Build | House |
| 4:42 | Queue | Villager (Male) |
| 4:42 | Queue | Villager (Male) |
| 5:41 | Queue | Villager (Male) |
| 5:41 | Research | Loom |
| 6:10 | Queue | Villager (Male) |
| 6:10 | Queue | Villager (Male) |
| 6:20 | Build | House |
| 6:22 | Build | Palisade Wall |
| 6:56 | Research | Loom |
| 7:46 | Build | Mill |
| 8:28 | Build | Town Center |
| 8:33 | Build | House |
| 8:43 | Build | House |
| 8:44 | Build | Palisade Wall |
| 8:49 | Build | House |
| 8:52 | Build | Palisade Wall |
| 9:03 | Build | Palisade Wall |
| 9:03 | Build | Palisade Wall |
| 9:04 | Build | Palisade Wall |
| 9:16 | Queue | Villager (Male) ×5 |
| 9:16 | Queue | Villager (Male) ×5 |
| 10:45 | Queue | Villager (Male) |
| 10:45 | Queue | Villager (Male) |
| 11:09 | Queue | Villager (Male) |
| 12:06 | Build | Palisade Wall |
| 12:14 | Build | Palisade Wall |
| 12:21 | Build | Palisade Wall |
| 12:32 | Build | Palisade Wall |
| 12:39 | Build | Town Center |
| 13:24 | Queue | Villager (Male) ×4 |
| 13:39 | Queue | Villager (Male) |
| 14:56 | Build | House |
| 15:34 | Queue | Villager (Male) ×2 |
| 16:02 | Queue | Villager (Male) |
| 16:03 | Queue | Villager (Male) |
| 17:30 | Build | Lumber Camp |
| 17:39 | Build | Mining Camp |
| 17:43 | Queue | Villager (Male) |
| 17:43 | Queue | Villager (Male) |
| 17:43 | Queue | Villager (Male) |
| 18:16 | Build | Palisade Gate |
| 18:21 | Build | Mill |
| 18:52 | Queue | Villager (Male) ×3 |
| 18:52 | Queue | Villager (Male) ×3 |
| 18:58 | Build | Mill |
| 19:26 | Queue | Villager (Male) |
| 19:27 | Queue | Villager (Male) |
| 19:41 | Build | Palisade Gate |
| 20:49 | Build | Palisade Wall |
| 20:55 | Queue | Villager (Male) |
| 20:55 | Queue | Villager (Male) |
| 20:55 | Queue | Villager (Male) |
| 21:12 | Build | Palisade Wall |
| 21:16 | Build | Palisade Wall |
| 21:56 | Build | Town Center |
| 22:30 | Build | House |
| 22:32 | Build | House |
| 23:19 | Queue | Villager (Male) ×5 |
| 23:20 | Queue | Villager (Male) |
| 23:37 | Build | Mill |
| 25:35 | Queue | Villager (Male) |
| 25:35 | Queue | Villager (Male) |
| 25:36 | Queue | Villager (Male) |
| 25:50 | Queue | Villager (Male) |
| 25:53 | Build | Farm |
| 26:50 | Build | Farm |
| 26:55 | Build | Farm |
| 26:59 | Build | Farm |
| 27:00 | Build | Farm |
| 27:32 | Queue | Villager (Male) |
| 27:33 | Queue | Villager (Male) |
| 27:42 | Build | Farm |
| 27:45 | Build | Farm |
| 27:51 | Build | Farm |
| 27:57 | Build | Palisade Wall |
| 28:02 | Build | Palisade Wall |
| 28:03 | Build | Palisade Wall |
| 28:04 | Build | Palisade Wall |
| 28:09 | Build | Palisade Wall |
| 28:10 | Build | Palisade Wall |
| 28:18 | Queue | Villager (Male) |
| 28:18 | Queue | Villager (Male) |
| 28:29 | Build | Farm |
| 28:55 | Queue | Villager (Male) ×2 |
| 29:10 | Build | Farm |
| 29:21 | Build | Farm |
| 29:25 | Build | Farm |
| 29:35 | Build | Barracks |
| 29:41 | Queue | Villager (Male) |
| 30:00 | Build | Farm |
| 30:08 | Build | Lumber Camp |
| 30:24 | Build | Farm |
| 30:27 | Queue | Villager (Male) |
| 30:46 | Build | Farm |
| 31:04 | Build | Mining Camp |
| 31:09 | Build | Palisade Wall |
| 31:12 | Build | Palisade Wall |
| 31:14 | Build | Palisade Gate |
| 31:16 | Build | Palisade Wall |
| 31:56 | Build | Palisade Wall |
| 31:57 | Build | Palisade Wall |
| 32:09 | Queue | Villager (Male) |
| 32:13 | Research | Feudal Age |
| 32:24 | Build | Palisade Wall |
| 32:32 | Build | House |
| 32:46 | Build | Palisade Gate |
| 32:51 | Build | Palisade Wall |
| 32:52 | Build | Palisade Wall |
| 33:43 | Build | Palisade Wall |
| 34:04 | Queue | Villager (Male) |
| 34:23 | Age | Feudal Age |
| 34:28 | Build | Market |
| 34:34 | Build | Stable |
| 34:37 | Build | Blacksmith |
| 34:40 | Queue | Villager (Male) |
| 34:48 | Queue | Spearman |
| 34:48 | Queue | Spearman |
| 34:49 | Queue | Spearman |
| 34:57 | Build | Farm |
| 35:12 | Build | Palisade Wall |
| 35:29 | Build | Farm |
| 35:31 | Queue | Villager (Male) |
| 35:49 | Build | Farm |
| 35:54 | Build | Lumber Camp |
| 36:02 | Research | Castle Age |
| 37:16 | Build | Stable |
| 37:31 | Research | Double-Bit Axe |
| 37:33 | Research | Forging |
Match timeline
| 6:01 | Bachicha val · wall_segment Palisade Wall x1 |
| 6:04 | Bachicha val · wall_segment Palisade Wall x1 |
| 6:22 | Redwood MC9 · wall_segment Palisade Wall x11 |
| 6:50 | Bachicha val · wall_segment Palisade Wall x1 |
| 7:02 | Bachicha val · wall_segment Palisade Wall x1 |
| 7:33 | Bachicha val · wall_segment Palisade Wall x1 |
| 8:44 | Redwood MC9 · wall_segment Palisade Wall x8 |
| 8:52 | Redwood MC9 · wall_segment Palisade Wall x5 |
| 9:03 | Redwood MC9 · wall_segment Palisade Wall x1 |
| 9:03 | Redwood MC9 · wall_segment Palisade Wall x1 |
| 9:04 | Redwood MC9 · wall_segment Palisade Wall x1 |
| 10:14 | Bachicha val · age_up feudal |
| 10:57 | Bachicha val · first_building Barracks |
| 12:05 | Bachicha val · first_building Stable |
| 12:06 | Redwood MC9 · wall_segment Palisade Wall x5 |
| 12:14 | Redwood MC9 · wall_segment Palisade Wall x4 |
| 12:21 | Redwood MC9 · wall_segment Palisade Wall x7 |
| 12:32 | Redwood MC9 · wall_segment Palisade Wall x1 |
| 12:38 | Bachicha val · wall_segment Palisade Wall x1 |
| 20:49 | Redwood MC9 · wall_segment Palisade Wall x1 |
| 21:12 | Redwood MC9 · wall_segment Palisade Wall x6 |
| 21:16 | Redwood MC9 · wall_segment Palisade Wall x8 |
| 22:48 | Bachicha val · first_market_sell 100 wood |
| 22:49 | Bachicha val · first_market_buy 100 food |
| 27:57 | Redwood MC9 · wall_segment Palisade Wall x1 |
| 28:02 | Redwood MC9 · wall_segment Palisade Wall x1 |
| 28:03 | Redwood MC9 · wall_segment Palisade Wall x1 |
| 28:04 | Redwood MC9 · wall_segment Palisade Wall x1 |
| 28:09 | Redwood MC9 · wall_segment Palisade Wall x1 |
| 28:10 | Redwood MC9 · wall_segment Palisade Wall x1 |
| 29:35 | Redwood MC9 · first_building Barracks |
| 31:09 | Redwood MC9 · wall_segment Palisade Wall x1 |
| 31:12 | Redwood MC9 · wall_segment Palisade Wall x1 |
| 31:16 | Redwood MC9 · wall_segment Palisade Wall x1 |
| 31:56 | Redwood MC9 · wall_segment Palisade Wall x1 |
| 31:57 | Redwood MC9 · wall_segment Palisade Wall x1 |
| 32:24 | Redwood MC9 · wall_segment Palisade Wall x1 |
| 32:51 | Redwood MC9 · wall_segment Palisade Wall x1 |
| 32:52 | Redwood MC9 · wall_segment Palisade Wall x1 |
| 33:43 | Redwood MC9 · wall_segment Palisade Wall x1 |
| 34:23 | Redwood MC9 · age_up feudal |
| 34:34 | Redwood MC9 · first_building Stable |
| 35:12 | Redwood MC9 · wall_segment Palisade Wall x1 |
| 35:24 | Redwood MC9 · first_market_sell 100 wood |
| 36:01 | Redwood MC9 · first_market_buy 100 food |
| 38:00 | Bachicha val · age_up castle |
| 38:42 | Redwood MC9 · age_up castle |
| 40:19 | Bachicha val · first_building Castle |
| 41:10 | Redwood MC9 · first_building Siege Workshop |
| 48:10 | Redwood MC9 · first_building Monastery |
| 48:44 | Bachicha val · first_building Siege Workshop |
| 49:14 | Bachicha val · first_building Monastery |
| 60:32 | Redwood MC9 · first_building Castle |
| 60:41 | Redwood MC9 · wall_segment Palisade Wall x1 |
| 60:43 | Redwood MC9 · wall_segment Palisade Wall x1 |
| 60:46 | Redwood MC9 · wall_segment Palisade Wall x1 |
| 60:48 | Redwood MC9 · wall_segment Palisade Wall x1 |
| 60:49 | Redwood MC9 · wall_segment Palisade Wall x1 |
| 66:12 | Redwood MC9 · wall_segment Palisade Wall x4 |
| 66:31 | Redwood MC9 · age_up imperial |
| 67:53 | Bachicha val · age_up imperial |
| 69:18 | Redwood MC9 · wall_segment Palisade Wall x1 |
| 71:22 | Redwood MC9 · resign |
[ AI ANALYSIS · 1 CREDIT ]
What really happened in this match?
Wolo.gg analyzes every decision: build order, eco, micro, common mistakes by bracket. Personalized analysis on WhatsApp or Discord in 30 seconds.
Civ guide
Burgundians
Perfil
Jugador #2424358